 Dungeon Crawl Stone Soup version 0.31-a0-826-ga5cc291a1b (webtiles) character file.

Game seed: 8489912437708443389

169 qw the Shooter (level 5, -3/32 HPs)
             Began as a Gargoyle Hunter on Sept 23, 2023.
             Slain by Sigmund
             ... wielding a +0 scythe
              (10 damage)
             ... on level 2 of the Dungeon.
             The game lasted 00:00:42 (1553 turns).

qw the Shooter (Gargoyle Hunter)                    Turns: 1553, Time: 00:00:43

Health: -3/32      AC:  8    Str: 14    XL:     5   Next: 50%
Magic:  5/5        EV: 11    Int: 10    God:
Gold:   96         SH:  0    Dex: 15    Spells: 4/4 levels left

rFire   . . .        Y - +0 shortbow
rCold   . . .        (shield currently unavailable)
rNeg    + . .        c - +0 leather armour
rPois   inf          (no helmet)
rElec   +            (no cloak)
rCorr   .            h - +0 pair of gloves
SInv    .            (no boots)
Will    .....        b - amulet of reflection
Stlth   +            (no ring)
HPRegen 0.25/turn    (no ring)
MPRegen 0.09/turn

%: reflection
@: confused
A: sickness immunity, AC +4, negative energy resistance 1, electricity
resistance, torment resistance 1, petrification resistance
a: no special abilities


You were on level 2 of the Dungeon.
You visited 1 branch of the dungeon, and saw 3 of its levels.

You collected 96 gold pieces.


Innate Abilities, Weirdness & Mutations

You are immune to sickness and miasma.
Your stone body is resilient. (AC +4)
You are immune to poison.
You resist negative energy. (rN+)
You are resistant to electric shocks. (rElec)
You are resistant to unholy torment.
You are immune to petrification.


   Skills:
 - Level 3.3 Fighting
 - Level 6.1 Ranged Weapons
 + Level 0.0 Armour
 - Level 1.5 Dodging
 - Level 1.1 Stealth


You had 4 spell levels left.
You didn't know any spells.
Your spell library was empty.

Inventory:

Hand Weapons
 Y - a +0 shortbow (weapon)
Armour
 c - a +0 leather armour (worn)
 h - a +0 pair of gloves (worn)
 l - a +0 ring mail
Jewellery
 b - an amulet of reflection (around neck)
 d - a ring of fire
Scrolls
 a - 2 scrolls of teleportation
 j - a scroll of identify {unknown}
 m - a scroll of brand weapon {unknown}
Potions
 e - a potion of degeneration {unknown}
 f - a potion of brilliance {unknown}
 g - a potion of haste {unknown}
 i - a potion of heal wounds {unknown}
 k - a potion of attraction {unknown}

Dungeon Overview and Level Annotations

Branches:
Dungeon (3/15)

Altars:

Annotations:
D:2 Sigmund


Message History

Sigmund is heavily wounded.
You shoot an arrow. The arrow barely misses Sigmund.
You shoot an arrow.
The arrow hits Sigmund but does no damage.
Sigmund is heavily wounded.
You shoot an arrow.
The arrow hits Sigmund but does no damage.
Sigmund is heavily wounded.
Sigmund says, "You will soon forget everything."
Sigmund hits you from afar with a +0 scythe.
You shoot an arrow. The arrow hits Sigmund.
Sigmund is heavily wounded.
Sigmund barely misses you.
You shoot an arrow. The arrow hits Sigmund.
Sigmund is heavily wounded.
You shoot an arrow. The arrow hits Sigmund.
Sigmund is heavily wounded.
Sigmund points at you and mumbles some strange words.
The puff of flame hits you.
Sigmund gestures wildly while chanting.
Sigmund flickers and vanishes!
Deactivating autopickup; reactivate with Ctrl-A.
You shoot an arrow. Something hits you!
You shoot an arrow. You shoot an arrow. Something hits you.
You shoot an arrow.
You hear some strange, mumbled words.
You are confused.
You shoot an arrow. Something hits you but does no damage.
You shoot an arrow. Something hits you.
You shoot an arrow. Something hits you.
You shoot an arrow. You shoot an arrow. Something hits you!
You die...

#.###.###..# #....>..
#........#.######.######
...#.#.#...............
#.#########.######
#.#### #.# #....### #.#
. #.##...# #.#
#...#7#7#7#7.# #.#
.....{.@.....# #.#
.....7#7#7#7## #.# #.. .


There were no monsters in sight!

Vanquished Creatures
  A water moccasin skeleton (D:3)
  Natasha (twice) (D:2)
  An adder (D:3)
  2 worms (D:2)
  4 dart slugs
  6 endoplasms
  2 giant cockroaches
  3 goblins
  4 hobgoblins
  4 jackals (D:1)
  2 quokkas (D:1)
  3 ball pythons (D:1)
  2 ball python skeletons (D:3)
  5 bats
  2 frilled lizards
  4 kobolds
  A quokka zombie (D:3)
  2 rats
50 creatures vanquished.

Notes
Turn   | Place    | Note
-------+----------+-------------------------------------------
     0 | D:1      | qw the Gargoyle Hunter began the quest for the Orb.
     0 | D:1      | Reached XP level 1. HP: 12/12 MP: 1/1
     0 | D:1      | 0 ||| qw: Version: 0.3-a-83-gcd0e7d8
     0 | D:1      | 0 ||| qw: Game counter: 1929
     0 | D:1      | 0 ||| qw: Melee chars always use a shield: true
     0 | D:1      | 0 ||| qw: God list: Okawaru
     0 | D:1      | 0 ||| qw: Allow faded altars: false
     0 | D:1      | 0 ||| qw: Do Orc after clearing Dungeon:15 true
     0 | D:1      | 0 ||| qw: Do second Lair branch before Depths: true
     0 | D:1      | 0 ||| qw: Lair rune preference: random
     0 | D:1      | 0 ||| qw: Goals: Normal
     0 | D:1      | 0 ||| PLANNING D:1-11
   144 | D:1      | Reached XP level 2. HP: 16/17 MP: 2/2
   428 | D:1      | Reached XP level 3. HP: 21/21 MP: 3/3
   508 | D:1      | Reached skill level 5 in Ranged Weapons
   842 | D:1      | 842 ||| UPGRADING to +0 pair of gloves.
   847 | D:1      | 847 ||| READING 2 scrolls labelled MEUS ESTROTIDUI.
   850 | D:1      | 850 ||| READING scroll labelled TUSTYF SOVE.
   851 | D:1      | 851 ||| DROPPING scroll of butterflies.
   896 | D:2      | Noticed Natasha
   906 | D:2      | Killed Natasha
   907 | D:2      | Reached skill level 3 in Fighting
   907 | D:2      | Reached XP level 4. HP: 15/28 MP: 4/4
  1034 | D:2      | You fall into a shaft and drop 1 floor!
  1153 | D:3      | Reached XP level 5. HP: 15/32 MP: 5/5
  1275 | D:3      | 1275 ||| UPGRADING to amulet of reflection.
  1280 | D:3      | 1280 ||| READING scroll labelled GAOR GOGUI.
  1503 | D:2      | Noticed Natasha
  1511 | D:2      | Killed Natasha
  1512 | D:2      | Reached skill level 6 in Ranged Weapons
  1536 | D:2      | Noticed Sigmund
  1551 | D:2      | HP: 7/32 [something (4)]
  1553 | D:2      | Slain by Sigmund

Levels and vault maps discovered:
D:1:      ebering_trefoil_twist, layout_basic, minmay_tall_x
D:2:      layout_basic, shapermc_ecumenical_altar_mp_vishouse, serial_forest,
          infiniplex_forest_end_2, infiniplex_forest_clump_C,
          infiniplex_forest_lined_2, infiniplex_forest_end_2,
          infiniplex_forest_end_3, infiniplex_forest_clump_tiny,
          infiniplex_forest_clump_small, chequers_serial_rivers_small_b,
          minmay_misc_feat_tower, chequers_serial_rivers_large_b,
          minmay_misc_feat_chi, uniq_natasha, uniq_jessica, uniq_sigmund
D:3:      layout_basic, serial_undead, serial_undead_f, serial_undead_c,
          serial_undead_d, serial_undead_e, minivault_14, hangedman_decor_push,
          uniq_terence

Skill      XL: |  1  2  3  4  5 |
---------------+----------------+-----
Ranged Weapons | 5 6 |  6.1
Fighting       | 3 |  3.3
Dodging        | |  1.5
Stealth        | |  1.1

Action                     |  1- 3 |  4- 6 || total
---------------------------+-------+-------++-------
   Fire: Shortbow          |    93 |    98 ||   191
    Use: Scroll            |     2 |     1 ||     3
 Armour: Leather armour    |    38 |    30 ||    68
  Dodge: Dodged            |    33 |    25 ||    58

Table legend:
 A = Non-vault XP
 B = Vault XP
 C = Vault XP percentage of total XP
 D = Non-vault monster count
 E = Vault monster count
 F = Vault count percentage of total count
                 A         B        C        D         E       F
            +---------+---------+-------+---------+---------+-------
      Total |     126 |     116 |  47.9 |      41 |       9 |  18.0
            +---------+---------+-------+---------+---------+-------
        D:1 |      39 |      12 |  23.5 |      22 |       4 |  15.4
        D:2 |      58 |      33 |  36.3 |       9 |       1 |  10.0
        D:3 |      29 |      71 |  71.0 |      10 |       4 |  28.6
            +---------+---------+-------+---------+---------+-------
